 Dungeon Crawl Stone Soup version 0.29-a0-221-gceb61267dd (webtiles) character file.

Game seed: 8105185038370124039

184 Hasart the Bolt Thrower (level 5, 0/42 HPs)
             Began as a Demigod Hunter on Feb 27, 2022.
             Succumbed to a scorpion's poison
             ... on level 4 of the Dungeon.
             The game lasted 00:04:50 (2506 turns).

Hasart the Bolt Thrower (Demigod Hunter)            Turns: 2506, Time: 00:04:51

Health: 0/42       AC:  3    Str: 11 (13) XL:     5   Next: 13%
Magic:  7/7        EV: 12    Int: 12 (13) God:
Gold:   129        SH:  0    Dex: 16 (18) Spells: 4/4 levels left

rFire   . . .      SeeInvis .   a - +1 hand crossbow
rCold   . . .      Faith    .   (no shield)
rNeg    . . .      Spirit   .   b - +0 leather armour
rPois   .          Reflect  .   (no helmet)
rElec   .          Harm     .   (no cloak)
rCorr   .          Rampage  .   (no gloves)
Will    .....                   (no boots)
Stlth   ++........              (no amulet)
HPRegen 0.14/turn               (no ring)
MPRegen 0.10/turn               (no ring)

@: lethally poisoned (0 -> -11), invisible
A: high MP 1, forlorn, divine attributes
a: no special abilities


You were on level 4 of the Dungeon.
You visited 1 branch of the dungeon, and saw 4 of its levels.

You collected 129 gold pieces.

Inventory:

Hand Weapons
 a - a +1 hand crossbow (weapon)
Armour
 b - a +0 leather armour (worn)
Jewellery
 h - an amulet of the acrobat
 m - a ring of resist corrosion
Scrolls
 d - a scroll of noise {unknown}
 e - 3 scrolls of amnesia {unknown}
 f - 5 scrolls of identify {unknown}
 i - a scroll of enchant armour {unknown}
 j - 3 scrolls of teleportation {unknown}
 l - a scroll of fog {unknown}
 p - 2 scrolls of magic mapping {unknown}
 q - a scroll of immolation {unknown}
 r - a scroll of torment {unknown}
Potions
 k - a potion of haste {unknown}
 n - a potion of mutation {unknown}
 o - a potion of flight {unknown}


   Skills:
 + Level 2.7 Fighting
 * Level 4.8 Crossbows
 + Level 2.7 Dodging
 + Level 2.3 Stealth


You had 4 spell levels left.
You didn't know any spells.
Your spell library contained the following spells:

 Spells                   Type           Power      Damage    Failure   Level
 Animate Skeleton         Necr           0%         N/A       41%         1
 Pain                     Necr           0%         1d4       41%         1
 Call Canine Familiar     Summ           0%         N/A       78%         3
 Dazzling Flash           Conj/Hex       0%         N/A       78%         3
 Gell's Gravitas          Tloc           0%         N/A       78%         3
 Portal Projectile        Hex/Tloc       0%         N/A       78%         3
 Teleport Other           Tloc           0%         N/A       78%         3
 Vampiric Draining        Necr           0%         2d6       78%         3
 Iskenderun's Mystic Bla  Conj/Tloc      0%         2d3       99%         4
 Leda's Liquefaction      Hex/Erth       0%         N/A       99%         4
 Dispersal                Tloc           0%         N/A       100%        6
 Starburst                Conj/Fire      0%         6d3       100%        6


Dungeon Overview and Level Annotations

Branches:
Dungeon (4/15)
 Temple: D:4-7

Annotations:
D:3 Grinder


Innate Abilities, Weirdness & Mutations

You have an increased reservoir of magic. (+10% MP)
You shall have no god before yourself.
Your divine heritage dramatically boosts your attributes as you level up.


Message History

Shoot: a) +1 hand crossbow
Press: ? - help, Q - select action Shift-Dir - straight line, f/p - scorpion
Aim: a scorpion (lightly wounded, 66% to hit)
You shoot a bolt. The bolt hits the scorpion.
The scorpion is moderately wounded.
The scorpion stings you.
You are poisoned.
The scorpion poisons you! The scorpion stings you.
You are lethally poisoned!
The scorpion poisons you!
Unknown command.
Shoot: a) +1 hand crossbow
Press: ? - help, Q - select action Shift-Dir - straight line, f/p - scorpion
Aim: a scorpion (moderately wounded, 66% to hit)
You shoot a bolt. The bolt barely misses the scorpion.
The bolt barely misses the ball python.
* * * LOW HITPOINT WARNING * * *
You feel extremely sick. The scorpion barely misses you.
Unknown command.
Shoot: a) +1 hand crossbow
Press: ? - help, Q - select action Shift-Dir - straight line, f/p - scorpion
Aim: a scorpion (moderately wounded, 66% to hit)
You shoot a bolt. The bolt closely misses the scorpion.
The bolt closely misses the ball python.
The bolt hits the ogre!
The ogre is heavily wounded.
* * * LOW HITPOINT WARNING * * *
You feel very sick. The scorpion barely misses you.
The scorpion closely misses you.
It was a potion of degeneration.
There was something very wrong with that liquid.
You feel weakened.
You feel dopey.
You feel clumsy.
* * * LOW HITPOINT WARNING * * *
You feel very sick. The scorpion stings you.
* * * LOW HITPOINT WARNING * * *
It was a potion of invisibility.
You fade into invisibility!
You die...

.$....... #.........
........# #.##......
....†...# ##.....##..
........# ##..###.#...
......†)######..## ....
#O##...).## ....
#..S.....#
###########.####
#.......@sSO#
#.......##### #......##
#......#######
#.....†......#
#......#####.###########
#......# #....<.......
#......# #############
#......#


You could see an ogre, a scorpion and a ball python.

Vanquished Creatures
  An orc priest (D:3)
  An orc wizard (D:3)
  A gnoll (D:4)
  4 adders
  An ufetubus (D:4)
  2 dart slugs (D:1)
  9 orcs
  7 ball pythons
  2 bats (D:3)
  6 endoplasms
  4 giant cockroaches
  3 goblins
  5 hobgoblins
  3 jackals (D:3)
  2 quokkas (D:1)
  4 frilled lizards
  7 kobolds
  7 rats
69 creatures vanquished.

Notes
Turn   | Place    | Note
-------+----------+-------------------------------------------
     0 | D:1      | Hasart the Demigod Hunter began the quest for the Orb.
     0 | D:1      | Reached XP level 1. HP: 17/17 MP: 3/3
    56 | D:1      | Reached skill level 1 in Stealth
    81 | D:1      | Reached XP level 2. HP: 24/24 MP: 4/4
   407 | D:1      | Reached skill level 4 in Crossbows
   501 | D:2      | Reached XP level 3. HP: 29/29 MP: 5/5
  1600 | D:3      | Reached XP level 4. HP: 37/37 MP: 6/6
  2071 | D:3      | Noticed Grinder
  2285 | D:4      | Noticed an ogre
  2409 | D:4      | Reached XP level 5. HP: 36/42 MP: 7/7
  2491 | D:4      | Noticed an ogre
  2505 | D:4      | HP: 2/42 [scorpion (2)]
  2506 | D:4      | Succumbed to a scorpion's poison

Illustrated notes

Levels and vault maps discovered:
D:1:      giann_wishing_wells, layout_rooms,
          shapermc_ecumenical_altar_mp_vishouse
D:2:      layout_loops_corners, basic_altar
D:3:      layout_basic, uniq_grinder
D:4:      layout_rooms, minmay_temple_entry_glassed_door

Skill      XL: |  1  2  3  4 |
---------------+-------------+-----
Stealth        | 1 2 |  2.3
Dodging        | 2 |  2.7
Fighting       | 2 |  2.7
Crossbows      | 4 |  4.8

Action                   |  1- 3 |  4- 6 || total
-------------------------+-------+-------++-------
 Fire: Hand crossbow     |   108 |    77 ||   185
  Use: Potion            |       |     2 ||     2
Armor: Leather armour    |    10 |     6 ||    16
Dodge: Dodged            |    17 |    23 ||    40

Table legend: (Time is in decaauts)
 A = Elapsed time spent in this place.
 B = Non-inter-level travel time spent in this place.
 C = Inter-level travel time spent in this place.
 D = Time resting spent in this place.
 E = Time spent auto-exploring this place.
 F = Levels seen in this place.
 G = Mean time per level.
                   A        B        C        D        E       F      G
               +--------+--------+--------+--------+--------+-----+--------+
         Total |   2567 |   2429 |    138 |    204 |   1795 |   4 |  641.8 |
       Dungeon |   2567 |   2429 |    138 |    204 |   1795 |   4 |  641.8 |
               +--------+--------+--------+--------+--------+-----+--------+

Top non-repeatable levels by time:
     D:2: 1012 daAuts
     D:3: 939 daAuts
     D:1: 460 daAuts
     D:4: 155 daAuts
